 Dungeon Sprint DCSS version 0.28-a0-8-g6e044cfa68 (webtiles) character file.

Game seed: 10328189152612075937

522702 mhtbhm the Minotaur Arbalest (level 20, 165/216 HPs)
             Began as a Minotaur Hunter on July 24, 2021.
             Was the Champion of Qazlal.
             Escaped with the Orb!
             The game lasted 00:25:34 (4175 turns).

mhtbhm the Minotaur Arbalest (Minotaur Hunter)      Turns: 4175, Time: 00:25:35

Health: 165/216    AC: 47    Str: 40    XL:     20   Next: 8%
Magic:  26/36      EV: 19    Int:  8    God:    Qazlal [******]
Gold:   0          SH: 13    Dex: 11    Spells: 21/21 levels left

rFire   . . .      SeeInvis +   a - +9 heavy crossbow "Sniper" {vorpal, Acc+∞ SInv}
rCold   + . .      Faith    .   (shield currently unavailable)
rNeg    . . .      Spirit   .   b - +15 Maxwell's patent armour {-Cast -Tele rElec Will+ rCorr}
rPois   +          Reflect  +   (helmet restricted)
rElec   +          Harm     .   G - +0 cloak {rPois}
rCorr   +          Rampage  .   P - +1 pair of gloves "Iragin" {rC+ Regen+ Str+4 Dex-2}
Will    +++++      NoTele   +   y - +0 pair of boots {Stlth+} Stlth ..........NoCast +
                                u - amulet of Imethye {Reflect rCorr Str+6 SH+5}
HPRegen 1.46/turn               I - ring of Yxzode {Will+ Str+6 SInv}
MPRegen 0.25/turn               t - ring of Satisfaction {Fly rElec Will++ Stlth+}

@: protected from physical damage, flying, studying 4 skills, repel missiles
A: horns 2, retaliatory headbutt
0: Orb of Zot
a: Renounce Religion, Upheaval, Elemental Force, Disaster Area


You escaped.
You worshipped Qazlal.
Qazlal was exalted by your worship.
You visited 1 branch

Inventory:

Hand Weapons
 a - the +9 heavy crossbow "Sniper" (weapon) {vorpal, Acc+∞ SInv}
   (You found it in the Dungeon)

   Any ammunition fired from it inflicts extra damage upon your enemies.
   Any ammunition fired from it never misses its target.
   SInv:      It lets you see invisible.
Missiles
 d - 1110 bolts (quivered ammo)
Armour
 b - the +15 Maxwell's patent armour (worn) {-Cast -Tele rElec Will+ rCorr}
   (You found it in the Dungeon)

   rElec:     It insulates you from electricity.
   -Cast:     It prevents spellcasting.
   -Tele:     It prevents most forms of teleportation.
   rCorr:     It protects you from acid and corrosion.
   Will:      It increases your willpower.
 y - a +0 pair of boots of stealth (worn)
 G - a +0 cloak of poison resistance (worn)
 K - the +0 cloak "Cicuzoq" {*Corrode rF+++ Will- Regen+}
   (You found it in the Dungeon)

   rF:        It renders you almost immune to fire.
   Regen:     It increases your rate of health regeneration.
   *Corrode:  It may corrode you when you take damage.
   Will:      It decreases your willpower.
 P - the +1 pair of gloves "Iragin" (worn) {rC+ Regen+ Str+4 Dex-2}
   (You found it in the Dungeon)

   Str:       It affects your strength (+4).
   Dex:       It affects your dexterity (-2).
   rC:        It protects you from cold.
   Regen:     It increases your rate of health regeneration.
Jewellery
 c - the ring of Domiwogh {rPois Str+4 Int+2}
   (You took it off a vampire mage in the Dungeon)

   [ring of poison resistance]

   Str:       It affects your strength (+4).
   Int:       It affects your intelligence (+2).
   rPois:     It protects you from poison.
 t - the ring of Satisfaction (right hand) {Fly rElec Will++ Stlth+}
   (You found it in the Dungeon)

   [ring of flight]

   rElec:     It insulates you from electricity.
   Fly:       It grants you flight.
   Will:      It greatly increases your willpower.
   Stlth:     It makes you more stealthy.
 u - the amulet of Imethye (around neck) {Reflect rCorr Str+6 SH+5}
   (You found it in the Dungeon)

   [amulet of reflection]

   It reflects blocked missile attacks.
   Str:       It affects your strength (+6).
   rCorr:     It protects you from acid and corrosion.
   SH:        It affects your SH (+5).
 I - the ring of Yxzode (left hand) {Will+ Str+6 SInv}
   (You took it off a yaktaur captain in the Dungeon)

   [ring of strength]

   Str:       It affects your strength (+6).
   SInv:      It lets you see invisible.
   Will:      It increases your willpower.
 O - the amulet of the Four Winds {rN+ Will+++ Clar}
   (You found it in the Dungeon)

   [amulet of nothing]

   rN:        It protects you from negative energy.
   Clar:      It protects you against confusion.
   Will:      It greatly increases your willpower.
Wands
 A - a wand of mindburst (7)
 B - a wand of iceblast (7)
 C - a wand of acid (7)
Scrolls
 j - 4 scrolls of blinking
 o - 4 scrolls of amnesia
 p - 7 scrolls of fog
 q - 2 scrolls of holy word
 r - 5 scrolls of identify
 s - a scroll of fear
 D - 8 scrolls of brand weapon
 F - 8 scrolls of enchant armour
 L - 8 scrolls of enchant weapon
Potions
 e - 6 potions of curing
 f - 19 potions of heal wounds
 g - 14 potions of haste
 h - 7 potions of magic
 i - 3 potions of berserk rage
 k - 2 potions of invisibility
 l - 4 potions of resistance
 n - 7 potions of might
Miscellaneous
 v - a piece from Xom's chessboard (15/15)
 x - a tin of tremorstones (2/2)
 z - a condenser vane
 H - a box of beasts
 J - a phantom mirror


   Skills:
 O Level 27 Fighting
 + Level 1.2(1.4) Short Blades
 + Level 1.2(1.5) Long Blades
 + Level 1.2(1.7) Axes
 + Level 1.2(1.8) Maces & Flails
 + Level 1.2(1.8) Polearms
 + Level 1.3(1.9) Staves
 + Level 1.7(2.0) Slings
 + Level 1.9 Bows
 O Level 27 Crossbows
 + Level 1.1(1.5) Throwing
 O Level 27 Armour
 O Level 27 Dodging
 - Level 0.7 Stealth
 - Level 14.8 Shields
 + Level 1.1 Unarmed Combat
 + Level 1.0 Spellcasting
 + Level 0.6 Conjurations
 + Level 0.6 Hexes
 + Level 0.8 Summonings
 + Level 0.6 Necromancy
 + Level 0.6 Translocations
 + Level 0.8 Transmutations
 + Level 0.8 Fire Magic
 + Level 0.8 Ice Magic
 + Level 0.6 Air Magic
 + Level 0.8 Earth Magic
 + Level 0.8 Poison Magic
 O Level 27 Invocations
 O Level 27 Evocations


You had 21 spell levels left.
You didn't know any spells.
Your spell library contained the following spells:

 Spells                   Type           Power      Damage    Failure   Level
 Beastly Appendage        Tmut           2%         N/A       52%         1
 Freeze                   Ice            4%         1d3       52%         1
 Sandblast                Erth           2%         2d4       52%         1
 Sting                    Tmut/Pois      4%         1d3       52%         1
 Summon Small Mammal      Summ           4%         N/A       52%         1
 Animate Skeleton         Necr           2%         N/A       54%         1
 Apportation              Tloc           2%         N/A       54%         1
 Corona                   Hex            1%         N/A       54%         1
 Foxfire                  Conj/Fire      4%         2x1d4     54%         1
 Magic Dart               Conj           4%         1d3       54%         1
 Pain                     Necr           4%         1d4       54%         1
 Shock                    Conj/Air       4%         1d3       54%         1
 Call Imp                 Summ           1%         N/A       67%         2
 Corpse Rot               Necr/Air       N/A        N/A       67%         2
 Passwall                 Tmut/Erth      0%         N/A       67%         2
 Poisonous Vapours        Pois/Air       2%         N/A       67%         2
 Slow                     Hex            1%         N/A       67%         2
 Static Discharge         Conj/Air       1%         N/A       67%         2
 Sublimation of Blood     Necr           0%         N/A       67%         2
 Wereblood                Tmut           1%         N/A       67%         2
 Call Canine Familiar     Summ           1%         N/A       88%         3
 Confusing Touch          Hex            1%         N/A       88%         3
 Conjure Flame            Conj/Fire      1%         6-21      88%         3
 Dazzling Flash           Conj/Hex       2%         N/A       88%         3
 Gell's Gravitas          Tloc           0%         N/A       88%         3
 Ignite Poison            Fire/Tmut/Pois 1%         N/A       88%         3
 Inner Flame              Hex/Fire       1%         N/A       88%         3
 Mephitic Cloud           Conj/Pois/Air  1%         N/A       88%         3
 Ozocubu's Armour         Ice            1%         N/A       88%         3
 Portal Projectile        Hex/Tloc       2%         N/A       88%         3
 Spider Form              Tmut/Pois      0%         N/A       88%         3
 Stone Arrow              Conj/Erth      2%         3d7       88%         3
 Summon Guardian Golem    Hex/Summ       1%         N/A       88%         3
 Swiftness                Air            1%         N/A       88%         3
 Teleport Other           Tloc           1%         N/A       88%         3
 Tukima's Dance           Hex            1%         N/A       88%         3
 Vampiric Draining        Necr           0%         2d6       88%         3
 Airstrike                Air            0%         N/A       99%         4
 Animate Dead             Necr           0%         N/A       99%         4
 Cause Fear               Hex            0%         N/A       99%         4
 Dispel Undead            Necr           1%         3d6       99%         4
 Fulminant Prism          Conj/Hex       0%         3d6       99%         4
 Hailstorm                Conj/Ice       1%         3d3       99%         4
 Iskenderun's Mystic Bla  Conj/Tloc      1%         2d3       99%         4
 Leda's Liquefaction      Hex/Erth       0%         N/A       99%         4
 Olgreb's Toxic Radiance  Pois           1%         N/A       99%         4
 Passage of Golubria      Tloc           N/A        N/A       99%         4
 Petrify                  Tmut/Erth      1%         N/A       99%         4
 Sticky Flame             Conj/Fire      1%         2d3       99%         4
 Summon Ice Beast         Ice/Summ       1%         N/A       99%         4
 Summon Lightning Spire   Summ/Air       1%         N/A       99%         4
 Agony                    Necr           1%         N/A       100%        5
 Alistair's Intoxication  Tmut/Pois      0%         N/A       100%        5
 Blade Hands              Tmut           0%         N/A       100%        5
 Bolt of Magma            Conj/Fire/Erth 0%         4d4       100%        5
 Borgnjor's Vile Clutch   Necr/Erth      0%         N/A       100%        5
 Excruciating Wounds      Necr           0%         N/A       100%        5
 Freezing Cloud           Conj/Ice/Air   0%         6-21      100%        5
 Irradiate                Conj/Tmut      0%         3d13      100%        5
 Iskenderun's Battlesphe  Conj           1%         2d6       100%        5
 Lee's Rapid Deconstruct  Erth           0%         3d5*      100%        5
 Lightning Bolt           Conj/Air       0%         1d11      100%        5
 Silence                  Hex/Air        0%         N/A       100%        5
 Summon Forest            Summ/Tloc      0%         N/A       100%        5
 Summon Mana Viper        Hex/Summ       1%         N/A       100%        5
 Yara's Violent Unravell  Hex/Tmut       0%         3d3       100%        5
 Conjure Ball Lightning   Conj/Air       0%         3x3d6     100%        6
 Death Channel            Necr           0%         N/A       100%        6
 Dispersal                Tloc           0%         N/A       100%        6
 Eringya's Noxious Bog    Tmut/Pois      0%         N/A       100%        6
 Invisibility             Hex            0%         N/A       100%        6
 Shadow Creatures         Summ           N/A        N/A       100%        6
 Simulacrum               Ice/Necr       0%         N/A       100%        6
 Starburst                Conj/Fire      0%         8x6d3     100%        6
 Statue Form              Tmut/Erth      0%         N/A       100%        6
 Dragon Form              Tmut           0%         N/A       100%        7
 Haunt                    Necr/Summ      0%         N/A       100%        7
 Malign Gateway           Summ/Tloc      0%         N/A       100%        7
 Orb of Destruction       Conj           0%         N/A       100%        7
 Ozocubu's Refrigeration  Ice            0%         4d5       100%        7
 Spellforged Servitor     Conj/Summ      0%         N/A       100%        7
 Storm Form               Tmut/Air       0%         N/A       100%        7
 Summon Hydra             Summ           0%         N/A       100%        7
 Borgnjor's Revivificati  Necr           0%         N/A       100%        8
 Ignition                 Fire           0%         3d3       100%        8
 Infestation              Necr           0%         N/A       100%        8
 Lehudib's Crystal Spear  Conj/Erth      0%         10d2      100%        8
 Maxwell's Capacitive Co  Air            0%         ∞         100%        8
 Necromutation            Tmut/Necr      0%         N/A       100%        8
 Summon Horrible Things   Summ           0%         N/A       100%        8
 Chain Lightning          Conj/Air       0%         2d1       100%        9
 Death's Door             Necr           0%         N/A       100%        9
 Dragon's Call            Summ           0%         N/A       100%        9
 Fire Storm               Conj/Fire      0%         6d1       100%        9
 Polar Vortex             Ice            0%         N/A       100%        9
 Shatter                  Erth           0%         3d5*      100%        9


Dungeon Overview and Level Annotations

Branches:
Dungeon (1/1)

Altars:
Ashenzari
Cheibriados
Dithmenos
Elyvilon
Fedhas
Gozag
Hepliaklqana
Kikubaaqudgha
Makhleb
Nemelex Xobeh
Okawaru
Qazlal
Ru
Sif Muna
Trog
Uskayaw
Vehumet
Wu Jian
Xom
Yredelemnul
Zin
The Shining One
Beogh
Jiyva
Lugonu


Innate Abilities, Weirdness & Mutations

You have a pair of horns on your head.
You reflexively headbutt those who attack you in melee.


Message History

You add the spell Iskenderun's Battlesphere to your library.
You pick up the Handbook of Black Arts and begin reading...
You add the spell Infestation to your library.
You see here a book of Lightning.
You see here a Fen Folio.
You see here a staff of poison.
You see here a +1 great mace of protection.
You see here a staff of death.
L - 8 scrolls of enchant weapon (gained 4)
Found a book of Geomancy, a staff of cold and a +1 spectral quarterstaff.
Found a +1 fustibalus of flaming and a staff of air.
You see here a +3 shortbow of flaming.
You see here the Incunabulum of Creation and Changing.
You see here a piece from Xom's chessboard (15/15).
There is a transporter here.
An exit appears before you!
You enter the transporter and appear at another place.
Found the Orb of Zot.
Found a staircase leading out of the dungeon.
Unknown command.
Unknown command.
You see here the Orb of Zot.
You feel more experienced!
Your Short Blades skill increases to level 1!
Your Long Blades skill increases to level 1!
Your Axes skill increases to level 1!
Your Maces & Flails skill increases to level 1!
Your Polearms skill increases to level 1!
Your Staves skill increases to level 1!
Your Throwing skill increases to level 1!
Your Unarmed Combat skill increases to level 1!
Your Spellcasting skill increases to level 1!
You have reached level 20!
You feel agile.
Unknown command.
You pick up the Orb of Zot!
The Orb lets out a hideous shriek!
The lords of Pandemonium are not amused.
Beware!
Now all you have to do is get back out of the dungeon!
There is a staircase leading out of the dungeon here.
You have escaped!

........}...▓..▓.......▓..▓...8©8
............▓.▓▓▓.....▓▓▓.▓...[[[
....).......▓..▓.......▓..▓..))).
....†.......▓≈............▓...)))
............▓......©......▓...)..
............▓▓▓▓▓▓▓▓▓▓▓▓▓▓▓......
............▓8888888888888▓....).
▓.......▓...▓8..§........8▓..▓.).
............▓8..@.....©..8▓......
............▓8..○§..§....8▓...)©)
....©.......▓8888888888888▓▓▓▓▓▓▓
▓▓▓▓▓▓▓▓▓▓▓▓▓▓▓▓▓▓▓▓▓▓▓▓▓▓▓▓▓▓▓▓▓
.....8©8........▓........8©8.....
"}.[..)..))[.|=.▓.)[).||}).|.|).}
|})}}..|}...})..▓.}.}|))})))[[|)[
..)}.†):)|.[[.|.▓.[))[|)[|.......
..)...†.........▓.........|)..[..


There were no monsters in sight!

Vanquished Creatures
  A dread lich (D)
  A pandemonium lord (D)
  2 bone dragons (D)
  A doom hound (D)
  3 Tzitzimimeh (D)
  A hellephant (D)
  2 liches (D)
  3 deep elf master archers (D)
  4 tentacled starspawn (D)
  3 acid blobs (D)
  5 shadow dragons (D)
  2 daevas (D)
  An azure jelly (D)
  4 rockslimes (D)
  4 draconian scorchers (D)
  12 nagarajas (D)
  4 draconian monks (D)
  A draconian knight (D)
  4 ghost moths (D)
  3 draconian shifters (D)
  9 ghouls (D)
  A quicksilver ooze (D)
  2 draconian stormcallers (D)
  4 draconian annihilators (D)
  5 stone giants (D)
  10 green draconians (D)
  An apis (D)
  8 black draconians (D)
  A very ugly thing (D)
  A reaper (D)
  An ophan (D)
  3 yellow draconians (D)
  12 purple draconians (D)
  8 red draconians (D)
  8 white draconians (D)
  10 merfolk javelineers (D)
  5 yaktaur captains (D)
  5 naga warriors (D)
  A peacekeeper (D)
  2 vault guards (D)
  A spriggan air mage (D)
  3 hydras (D)
  An ice dragon (D)
  6 centaur warriors (D)
  An ironbound frostheart (D)
  4 anacondas (D)
  An orc high priest (D)
  3 vampire magi (D)
  2 dancing weapons (D)
  2 spriggan berserkers (D)
  4 thrashing horrors (D)
  16 large abominations (D)
  11 soul eaters (D)
  A wretched star (D)
  A hell knight (D)
  A sixfirhy (D)
  A death drake (D)
  A cherub (D)
  A shadow wraith (D)
  A glowing orange brain (D)
  4 skeletal warriors (D)
  A swamp dragon (D)
  A deep elf archer (D)
  An ironbound convoker (D)
  2 shining eyes (D)
  4 necromancers (D)
  3 wolf spiders (D)
  2 worldbinders (D)
  4 moths of wrath (D)
  3 toenail golems (D)
  An elephant (D)
  9 cyclopes (D)
  A vault sentinel (D)
  7 naga magi (D)
  An apocalypse crab (D)
  10 black mambas (D)
  10 guardian serpents (D)
  4 eyes of devastation (D)
  An orange demon (D)
  A cane toad (D)
  3 smoke demons (D)
  2 torpor snails (D)
  A komodo dragon (shapeshifter) (D)
  2 rime drakes (D)
  A freezing wraith (D)
  6 yaktaurs (D)
  3 demonic crawlers (D)
  A hellion (D)
  3 hellwings (D)
  7 jumping spiders (D)
  5 hornets (D)
  2 polar bears (D)
  3 raiju (D)
  A blink frog (D)
  10 slime creatures (D)
  2 shadows (D)
  A flying skull (D)
  2 tarantellas (D)
  6 redbacks (D)
  An air elemental (D)
  5 wyverns (D)
  A yak (shapeshifter) (D)
  2 vampires (D)
  3 fire elementals (D)
  A spriggan (D)
  A wraith (D)
  2 ynoxinuls (D)
  3 golden eyes (D)
  A water elemental (D)
  6 yaks (D)
  5 steam dragons (D)
  2 chaos spawn (D)
  3 nagas (D)
  3 acid dragons (D)
  2 hell hounds (D)
  12 water moccasins (D)
  2 swamp drakes (D)
  A sky beast (D)
  A black bear (D)
  3 necrophages (D)
  14 centaurs (D)
  3 wolves (D)
  4 earth elementals (D)
  A bullfrog (D)
  6 scorpions (D)
  11 small abominations (D)
  4 wights (D)
  4 quasits (D)
  6 jellies (D)
  9 starcursed masses (D)
  2 iron imps (D)
  2 iguanas (D)
  5 adders (D)
  A shadow imp (D)
  3 white imps (D)
  2 adder zombies (D)
  5 adder skeletons (D)
  6 bat skeletons (D)
  5 bat zombies (D)
  4 endoplasms (D)
  3 ball python skeletons (D)
  5 ball python zombies (D)
  3 giant cockroach zombies (D)
  2 jackal skeletons (D)
  A jackal zombie (D)
  2 quokka skeletons (D)
  2 quokka zombies (D)
  2 starspawn tentacles (D)
528 creatures vanquished.

Vanquished Creatures (collateral kills)
  A bone dragon (D)
  A reaper (D)
  A shadow demon (D)
  A necrophage (D)
4 creatures vanquished.

Vanquished Creatures (others)
  A hydra (D)
  A rime drake (D)
  A steam dragon (D)
  A water moccasin (D)
  An ufetubus (D)
5 creatures vanquished.

Grand Total: 537 creatures vanquished

Notes
Turn   | Place    | Note
-------+----------+-------------------------------------------
     0 | D        | mhtbhm the Minotaur Hunter began the quest for the Orb.
     0 | D        | Reached XP level 1. HP: 18/18 MP: 0/0
     1 | D        | Found a shimmering blue altar of Sif Muna.
     1 | D        | Found a bloodstained altar of Trog.
     1 | D        | Found a sacrificial altar of Ru.
     1 | D        | Found a stormy altar of Qazlal.
     1 | D        | Found an iron altar of Okawaru.
     2 | D        | Found a sparkling altar of Nemelex Xobeh.
     2 | D        | Found a blossoming altar of Fedhas.
     3 | D        | Found the +6 Majin-Bo {vamp, MP+6 Int+6}
     3 | D        | Found the +9 heavy crossbow "Sniper" {vorpal, Acc+∞ SInv}
     3 | D        | Found the +10 dark maul {vorpal}
     3 | D        | Found the +15 Maxwell's patent armour {-Cast -Tele rElec
                  | Will+ rCorr}
     3 | D        | Found the +18 shield of the Gong {rElec rN+ Will+ EV-5}
     3 | D        | Found the +14 obsidian axe {vorpal, Drain Fly SInv}
     3 | D        | Found the +7 great mace "Firestarter" {inner flame, rF++}
     3 | D        | Found the +6 shillelagh "Devastator" {shatter}
     3 | D        | Found the +11 plutonium sword {Contam Stlth-}
     3 | D        | Found the +8 lance "Wyrmbane" {slay drac, rPois rF+ rC+
                  | AC+3}
     3 | D        | Found the +9 sword of Zonguldrok {reap}
     3 | D        | Found the +13 scythe of Curses {drain, Drain}
     3 | D        | Found the +5 sword of Power {vorpal}
     3 | D        | Found the +7 mace of Variability {chain chaos}
     3 | D        | Found the +7 Singing Sword {vorpal, sonic wave}
     3 | D        | Found the +8 storm bow {elec, penet}
     4 | D        | Found a transporter.
     4 | D        | Found an ancient bone altar of Kikubaaqudgha.
     4 | D        | Found a viscous altar of Jiyva.
     4 | D        | Found a corrupted altar of Lugonu.
     4 | D        | Found a hazy altar of Hepliaklqana.
     4 | D        | Found a burning altar of Makhleb.
     4 | D        | Found an opulent altar of Gozag.
     5 | D        | Banished a spatial maelstrom
    77 | D        | Became a worshipper of Qazlal Stormbringer
   109 | D        | Entered arena 2.
   109 | D        | Noticed a scorpion
   109 | D        | Noticed a jumping spider
   109 | D        | Found a transporter.
   114 | D        | Killed a scorpion
   115 | D        | Reached skill level 1 in Armour
   115 | D        | Reached XP level 2. HP: 24/26 MP: 1/1
   115 | D        | Reached XP level 3. HP: 29/31 MP: 2/2
   117 | D        | Killed a jumping spider
   118 | D        | Reached skill level 5 in Fighting
   118 | D        | Reached XP level 4. HP: 28/42 MP: 3/3
   118 | D        | Reached XP level 5. HP: 32/48 MP: 4/4
   118 | D        | Reached XP level 6. HP: 37/56 MP: 5/5
   220 | D        | Entered arena 3.
   220 | D        | Noticed a spriggan
   220 | D        | Found a transporter.
   222 | D        | Killed a spriggan
   222 | D        | Reached * piety under Qazlal
   225 | D        | Reached XP level 7. HP: 62/62 MP: 5/8
   253 | D        | Got the ring of Satisfaction {Fly rElec Will++ Stlth+}
   257 | D        | Got the amulet of Nutikk {Acrobat Rampage rN+ Will- SInv}
   265 | D        | Entered arena 4.
   265 | D        | Noticed a dread lich
   265 | D        | Noticed a starcursed mass
   265 | D        | Found a transporter.
   269 | D        | Noticed a lorocyproca
   272 | D        | Killed a dread lich
   272 | D        | Reached ** piety under Qazlal
   273 | D        | Reached skill level 10 in Fighting
   273 | D        | Reached skill level 10 in Invocations
   273 | D        | Reached XP level 8. HP: 38/79 MP: 8/14
   273 | D        | Reached XP level 9. HP: 41/85 MP: 8/15
   273 | D        | Reached XP level 10. HP: 45/93 MP: 8/16
   274 | D        | Paralysed by accursed screaming for 1 turns
   276 | D        | Paralysed by accursed screaming for 1 turns
   278 | D        | Reached *** piety under Qazlal
   278 | D        | Killed a starcursed mass
   278 | D        | Killed a starcursed mass
   280 | D        | Reached **** piety under Qazlal
   282 | D        | Killed a starcursed mass
   282 | D        | Reached ***** piety under Qazlal
   381 | D        | Got the Reference Book on Torrid Intoxication
   483 | D        | Entered arena 5.
   483 | D        | Found a transporter.
   487 | D        | Reached XP level 11. HP: 88/100 MP: 16/18
   488 | D        | Reached skill level 1 in Shields
   541 | D        | Entered arena 6.
   541 | D        | Found a transporter.
   546 | D        | Reached ****** piety under Qazlal
   672 | D        | Entered arena 7.
   680 | D        | Found a transporter.
   698 | D        | Got the ring of Baveiv {rElec rN+ rCorr Str-4}
   711 | D        | Entered arena 8.
   724 | D        | Found a transporter.
   757 | D        | Entered arena 9.
   772 | D        | Found a transporter.
   899 | D        | Got the Collected Works on Enthralling Poison
   901 | D        | Got the +0 cloak of Cheibriados's Outrage {rElec}
   910 | D        | Entered arena 10.
   910 | D        | Noticed a vault guard
   910 | D        | Noticed an ironbound convoker
   910 | D        | Noticed an ironbound frostheart
   910 | D        | Noticed a peacekeeper
   910 | D        | Noticed a vault guard
   911 | D        | Found the +7 captain's cutlass {speed, disarm}
   913 | D        | Killed a vault guard
   913 | D        | Killed a peacekeeper
   915 | D        | Killed a vault guard
   917 | D        | Killed an ironbound frostheart
   917 | D        | Noticed a nagaraja
   917 | D        | Noticed a white draconian
   917 | D        | Noticed a green draconian
   917 | D        | Noticed a yellow draconian monk
   917 | D        | Noticed a purple draconian
   918 | D        | Reached skill level 5 in Shields
   918 | D        | Killed an ironbound convoker
   919 | D        | Reached skill level 10 in Armour
   919 | D        | Killed a green draconian
   920 | D        | Reached XP level 12. HP: 12/112 MP: 5/20
   922 | D        | Killed a nagaraja
   925 | D        | Killed a yellow draconian monk
   926 | D        | HP: 5/112 [purple draconian/bolt of dispelling energy (29)]
   930 | D        | Killed a purple draconian
   930 | D        | Killed a white draconian
   933 | D        | Found a transporter.
   958 | D        | Got the amulet of Ynok Xorchu {rF- Will++ Regen+ rCorr
                  | Dex+3}
  1225 | D        | Entered arena 11.
  1225 | D        | Noticed an orc high priest
  1226 | D        | Found a transporter.
  1235 | D        | Killed an orc high priest
  1289 | D        | Entered arena 12.
  1289 | D        | Noticed a daeva
  1289 | D        | Noticed an ophan
  1289 | D        | Noticed an apis
  1289 | D        | Noticed a daeva
  1290 | D        | Found the +0 staff of Battle
  1294 | D        | Killed an ophan
  1295 | D        | Killed a daeva
  1296 | D        | Reached skill level 15 in Invocations
  1297 | D        | Killed an apis
  1298 | D        | Reached XP level 13. HP: 75/119 MP: 1/23
  1298 | D        | Killed a daeva
  1301 | D        | Found a transporter.
  1431 | D        | Got Vudaegaf's Catalogue of Creative Darkness
  1535 | D        | Entered arena 13.
  1535 | D        | Noticed a white draconian
  1535 | D        | Noticed a black draconian
  1535 | D        | Noticed a purple draconian
  1535 | D        | Noticed a black draconian
  1535 | D        | Noticed a red draconian
  1535 | D        | Noticed a purple draconian
  1536 | D        | Identified the +9 quarterstaff of Pexamin {vamp, rElec rF+
                  | MP+9 Dex+3}
  1536 | D        | Noticed a white draconian
  1536 | D        | Noticed a purple draconian
  1536 | D        | Noticed a green draconian
  1537 | D        | Noticed a green draconian
  1538 | D        | Killed a white draconian
  1538 | D        | Killed a black draconian
  1538 | D        | Killed a purple draconian
  1538 | D        | Killed a red draconian
  1539 | D        | Killed a purple draconian
  1539 | D        | Killed a purple draconian
  1542 | D        | Killed a black draconian
  1543 | D        | Killed a white draconian
  1545 | D        | Killed a green draconian
  1546 | D        | Killed a green draconian
  1562 | D        | Found a transporter.
  1920 | D        | Got the +10 plate armour "Ucuryduf" {Fly rC+ Str-3}
  1992 | D        | Entered arena 14.
  1992 | D        | Noticed a deep elf master archer
  1992 | D        | Noticed a deep elf master archer
  1992 | D        | Noticed a stone giant
  1993 | D        | Identified the ring of Yxzode {Will+ Str+6 SInv}
  1993 | D        | Noticed a stone giant
  1994 | D        | Identified the amulet "Xateos" {+Blink Regen+}
  1994 | D        | Noticed a merfolk javelineer
  1996 | D        | Killed a stone giant
  1997 | D        | Reached skill level 15 in Armour
  1998 | D        | Killed a deep elf master archer
  2004 | D        | Killed a merfolk javelineer
  2005 | D        | Reached skill level 1 in Evocations
  2005 | D        | Killed a stone giant
  2010 | D        | Killed a deep elf master archer
  2015 | D        | Found a transporter.
  2029 | D        | Got the Reference Book on the Floating Glacier
  2091 | D        | Entered arena 15.
  2091 | D        | Noticed a ghoul
  2092 | D        | Noticed a lich
  2092 | D        | Identified the ring "Vauj" {Wiz Int+2}
  2093 | D        | Reached XP level 14. HP: 129/129 MP: 26/26
  2097 | D        | Killed a ghoul
  2101 | D        | Reached skill level 10 in Shields
  2101 | D        | Killed a lich
  2231 | D        | Found a transporter.
  2247 | D        | Got Sif Muna's Handbook of Changing and Lightness
  2252 | D        | Got Rouhopei's Grimoire of the Snowflakes
  2280 | D        | Entered arena 16.
  2280 | D        | Noticed a ghoul
  2283 | D        | Identified the ring of the Distant Future {rF+ AC+4}
  2287 | D        | Killed a ghoul
  2327 | D        | Found a transporter.
  2364 | D        | Got the +0 cloak "Cicuzoq" {*Corrode rF+++ Will- Regen+}
  2370 | D        | Entered arena 17.
  2421 | D        | Found a transporter.
  2456 | D        | Got Ehuniel's Collected Works on the Lethal Arsonist
  2579 | D        | Entered arena 18.
  2581 | D        | Noticed an acid blob
  2581 | D        | Noticed a rockslime
  2582 | D        | Noticed an acid blob
  2584 | D        | Killed a rockslime
  2584 | D        | Killed an acid blob
  2584 | D        | Killed an acid blob
  2585 | D        | Reached skill level 15 in Fighting
  2587 | D        | Found a transporter.
  2616 | D        | Got the Almanac of Creation
  2714 | D        | Entered arena 19.
  2715 | D        | Noticed an acid blob
  2716 | D        | Noticed a quicksilver ooze
  2716 | D        | Noticed a rockslime
  2716 | D        | Noticed a rockslime
  2717 | D        | Noticed an azure jelly
  2717 | D        | Noticed a rockslime
  2719 | D        | Killed a quicksilver ooze
  2721 | D        | Killed an azure jelly
  2721 | D        | Killed a rockslime
  2721 | D        | Killed an acid blob
  2722 | D        | Reached skill level 27 in Crossbows
  2722 | D        | Reached skill level 5 in Evocations
  2722 | D        | Reached XP level 15. HP: 140/144 MP: 20/29
  2722 | D        | Killed a rockslime
  2724 | D        | Killed a rockslime
  2733 | D        | Found the ring of the Mage {Wiz Will++ Int+3}
  2733 | D        | Found a transporter.
  2808 | D        | Entered arena 20.
  2821 | D        | Found a transporter.
  2876 | D        | Got the amulet "Depnarih" {-Tele rPois Regen+ Slay+6 SInv}
  2961 | D        | Entered arena 21.
  2964 | D        | Noticed a nagaraja
  2968 | D        | Identified the amulet of Terra Nullius {RegenMP rF+ Int+3}
  2968 | D        | Noticed a nagaraja
  2968 | D        | Noticed a nagaraja
  2969 | D        | Killed a nagaraja
  2969 | D        | Killed a nagaraja
  2970 | D        | Killed a nagaraja
  2971 | D        | Noticed a nagaraja
  2975 | D        | Killed a nagaraja
  3015 | D        | Found the amulet of the Four Winds {rN+ Will+++ Clar}
  3020 | D        | Found a transporter.
  3045 | D        | Got the amulet "Gapedegi" {Faith rN+ Int+2}
  3066 | D        | Got the +4 kite shield of Satisfaction {rPois}
  3116 | D        | Entered arena 22.
  3123 | D        | Noticed a lich
  3123 | D        | Killed a lich
  3160 | D        | Found a transporter.
  3221 | D        | Entered arena 23.
  3225 | D        | Noticed a ghost moth
  3227 | D        | Noticed a ghost moth
  3228 | D        | Killed a ghost moth
  3228 | D        | Killed a ghost moth
  3229 | D        | Reached skill level 27 in Invocations
  3229 | D        | Reached XP level 16. HP: 159/159 MP: 24/32
  3326 | D        | Found a transporter.
  3346 | D        | Got the Almanac of Creative Changing
  3371 | D        | Got the amulet of Maon {Reflect *Slow rElec rPois rCorr
                  | SH+5}
  3375 | D        | Got the ring of the Will of the Gods {rC+ Int+3 Stlth+}
  3381 | D        | Got the Papyrus of the Flamy Escort
  3395 | D        | Got the +1 pair of gloves "Iragin" {rC+ Regen+ Str+4 Dex-2}
  3424 | D        | Entered arena 24.
  3430 | D        | Identified the +2 glaive of the Trees {antimagic, +Blink
                  | rPois Str+3}
  3431 | D        | Identified the ring "Dami" {Int+6 SInv}
  3432 | D        | Reached skill level 10 in Dodging
  3432 | D        | Identified the +3 troll leather armour of Pagetar {Will+
                  | Regen+}
  3435 | D        | Identified the +3 robe of Kiminkir {Dex+4}
  3445 | D        | Reached skill level 10 in Evocations
  3484 | D        | Found the +8 whip "Snakebite" {venom, curare, rPois}
  3488 | D        | Found a transporter.
  3502 | D        | Got the amulet "Beiciron" {RegenMP Will+ Str+2 Int+4}
  3524 | D        | Got the amulet of the Frog {Acrobat Int+4}
  3555 | D        | Entered arena 25.
  3561 | D        | Noticed a deep elf master archer
  3563 | D        | Killed a deep elf master archer
  3566 | D        | Identified the +7 spear of Gats {elec, rC+ Int+7}
  3570 | D        | Identified the amulet of Fang {Spirit rF+}
  3572 | D        | Identified the +7 flail "Dragon's Peril" {vorpal, *Slow
                  | Dex+7}
  3575 | D        | Reached XP level 17. HP: 49/185 MP: 28/33
  3678 | D        | Found a transporter.
  3728 | D        | Got the Incunabulum of Sinister Enchantment
  3734 | D        | Got Pacron's Collected Works on Captivating Cold
  3746 | D        | Got the Grimoire of the Snowflakes and Lightness
  3776 | D        | Entered arena 26.
  3785 | D        | Noticed a hellephant
  3785 | D        | Noticed Buufev the pandemonium lord
  3786 | D        | Found the +3 Elemental Staff {rElec rF++ rC++ Will++ AC+5}
  3786 | D        | Noticed a bone dragon
  3787 | D        | Killed a bone dragon
  3788 | D        | Reached skill level 27 in Fighting
  3788 | D        | Reached skill level 27 in Armour
  3788 | D        | Reached skill level 15 in Dodging
  3791 | D        | Killed Buufev the pandemonium lord
  3792 | D        | Reached skill level 15 in Evocations
  3793 | D        | Killed a hellephant
  3811 | D        | Found a transporter.
  3832 | D        | Got Buikezas's Papyrus of Excruciating Poisoning
  3836 | D        | Got the amulet of Imethye {Reflect rCorr Str+6 SH+5}
  3871 | D        | Got the ring "Yrhotife" {Wiz rC- rN+ Int+2}
  3881 | D        | Got the ring of Edounis {rF+ rN++}
  3919 | D        | Entered arena 27.
  3930 | D        | Identified the +4 short sword of Ufugedorghyss {protect,
                  | rCorr MP-9 Dex+5}
  3931 | D        | Reached XP level 18. HP: 163/200 MP: 26/34
  3931 | D        | Identified the +7 trident of Discord {spect, rF+ Str+4
                  | Stlth+}
  3931 | D        | Identified the +4 short sword of the Big Fish {freeze,
                  | +Blink rN++} (You took it off a draconian scorcher in the
                  | Dungeon)
  3976 | D        | Found a transporter.
  4031 | D        | Got the Disquisition on Heat and Necromancy
  4034 | D        | Got the Papyrus of Burning Changing
  4050 | D        | Got the Almanac of Displacement and Calling
  4081 | D        | Entered arena 28.
  4100 | D        | Noticed a bone dragon
  4104 | D        | Noticed a Tzitzimitl
  4105 | D        | Killed a bone dragon
  4106 | D        | Noticed a doom hound
  4108 | D        | Killed a Tzitzimitl
  4109 | D        | Reached skill level 27 in Evocations
  4111 | D        | Killed a doom hound
  4113 | D        | Identified the ring of Domiwogh {rPois Str+4 Int+2}
  4114 | D        | Noticed a Tzitzimitl
  4116 | D        | Noticed a bone dragon
  4116 | D        | Killed a Tzitzimitl
  4119 | D        | Noticed a Tzitzimitl
  4122 | D        | Killed a Tzitzimitl
  4123 | D        | Reached XP level 19. HP: 130/207 MP: 19/35
  4128 | D        | Killed a bone dragon
  4129 | D        | Reached skill level 27 in Dodging
  4131 | D        | Reached skill level 1 in Slings
  4131 | D        | Reached skill level 1 in Bows
  4139 | D        | Found a transporter.
  4150 | D        | Got the Grimoire of Conjuration and Necromancy
  4152 | D        | Got the Handbook of Black Arts
  4169 | D        | Reached skill level 1 in Short Blades
  4169 | D        | Reached skill level 1 in Long Blades
  4169 | D        | Reached skill level 1 in Axes
  4169 | D        | Reached skill level 1 in Maces & Flails
  4169 | D        | Reached skill level 1 in Polearms
  4169 | D        | Reached skill level 1 in Staves
  4169 | D        | Reached skill level 1 in Throwing
  4169 | D        | Reached skill level 1 in Unarmed Combat
  4169 | D        | Reached skill level 1 in Spellcasting
  4169 | D        | Reached XP level 20. HP: 156/216 MP: 24/36
  4170 | D        | Got the Orb of Zot
  4175 | D        | Escaped with the Orb!

Illustrated notes

Levels and vault maps discovered:
D:        sprint_v [room_start, room_1, room_2, room_3, room_4, room_5, room_6,
          room_7, room_8, room_9, room_10, room_11, room_12, room_13, room_14,
          room_15, room_16, room_17, room_18, room_19, room_20, room_21,
          room_22, room_23, room_24, room_25, room_26, room_27]

Skill      XL: |  1  2  3  4  5  6  7  8  9 10 11 12 13 14 15 16 17 18 19 |
---------------+----------------------------------------------------------+-----
Fighting       | 3 5 10 11 12 13 16 18 25 27 | 27.0
Crossbows      | 8 12 14 21 23 24 25 27 | 27.0
Armour         | 1 2 3 6 7 10 13 15 18 20 25 27 | 27.0
Dodging        | 3 4 7 8 9 12 18 26 27 | 27.0
Invocations    | 3 10 12 15 19 22 27 | 27.0
Shields        | 6 8 9 11 14 | 14.8
Evocations     | 1 5 7 11 21 27 | 27.0
Slings         | 1 |  1.7
Bows           | 1 |  1.9
Short Blades   | 1 |  1.2
Long Blades    | 1 |  1.2
Axes           | 1 |  1.2
Maces & Flails | 1 |  1.2
Polearms       | 1 |  1.2
Staves         | 1 |  1.3
Throwing       | 1 |  1.1
Unarmed Combat | 1 |  1.1
Spellcasting   | 1 |  1.0
Stealth        | |  0.7
Conjurations   | |  0.6
Hexes          | |  0.6
Summonings     | |  0.8
Necromancy     | |  0.6
Translocations | |  0.6
Transmutations | |  0.8
Fire Magic     | |  0.8
Ice Magic      | |  0.8
Air Magic      | |  0.6
Earth Magic    | |  0.8
Poison Magic   | |  0.8

Action                   |  1- 3 |  4- 6 |  7- 9 | 10-12 | 13-15 | 16-18 | 19-21 || total
-------------------------+-------+-------+-------+-------+-------+-------+-------++-------
 Fire: Heavy crossbow    |     5 |     4 |     5 |    71 |    91 |    65 |     5 ||   246
Invok: Upheaval          |       |       |       |     2 |       |       |       ||     2
       Disaster Area     |       |       |       |     6 |     8 |     9 |       ||    23
       Elemental Force   |       |       |       |       |       |       |     1 ||     1
Evoke: Condenser vane    |       |       |       |       |    11 |     7 |       ||    18
       Tin of tremorston |       |       |       |       |     1 |       |       ||     1
  Use: Scroll            |     1 |       |       |       |       |       |       ||     1
       Potion            |       |       |     1 |     8 |     2 |       |     1 ||    12
Armor: Plate armour      |     9 |     4 |    21 |    70 |    73 |    58 |    16 ||   251
Dodge: Dodged            |     2 |     5 |    20 |    50 |    55 |    88 |    10 ||   230
       Repelled          |       |       |       |     3 |     2 |     7 |       ||    12
Block: Other             |       |       |     1 |    33 |    33 |    49 |    11 ||   127
       Reflection        |       |       |       |       |       |    24 |       ||    24

Table legend: (Time is in decaauts)
 A = Elapsed time spent in this place.
 B = Non-inter-level travel time spent in this place.
 C = Inter-level travel time spent in this place.
 D = Time resting spent in this place.
 E = Time spent auto-exploring this place.
 F = Levels seen in this place.
 G = Mean time per level.
                   A        B        C        D        E       F      G
               +--------+--------+--------+--------+--------+-----+--------+
         Total |   4292 |   4292 |      0 |   1942 |      0 |   1 | 4292.0 |
       Dungeon |   4292 |   4292 |      0 |   1942 |      0 |   1 | 4292.0 |
               +--------+--------+--------+--------+--------+-----+--------+

Top non-repeatable levels by time:
       D: 4292 daAuts
